AoeStats
← kevinrgarciab

Fortress

509809652Analyzed
2v2 RM · 5d ago on Sep 28, 2026· 60m 58s· 4 players
Game mode
Random Map
Map size
Normal (6 player)
Population
200
Speed
Normal
Resources
Standard
Victory
Conquest
Starting age
Dark Age
Ending age
Imperial Age
RankedLock teamsTeams togetherTeam positionsShared explorationLock speedFull tech treeHidden civsTurbo modeCheats
Victory
Defeat
🇺🇸 Ethiopians · United States
1231
+6
🇺🇸 Saxons · United States
1079
+20
🇻🇪 Sicilians · Venezuela
999
-9
🇬🇧 Vikings · United Kingdom
958
-8
kevinrgarciab
8:34 Feudal Age
12:46 Castle Age
10:40 Gold Mining
11:09 Double-Bit Axe
14:03 Scale Mail Armor
16:39 Bow Saw
16:12 Horse Collar
16:54 Forging
18:06 Chain Mail Armor
21:33 Iron Casting
20:50 Fletching
26:34 Wheelbarrow
26:47 Gold Shaft Mining
27:15 Scale Barding Armor
27:24 Bloodlines
29:04 Loom
31:01 Heavy Plow
32:30 Chain Barding Armor
32:29 Husbandry
33:45 Hand Cart
36:11 Imperial Age
34:50 Town Watch
35:19 Crossbowman
36:27 Stone Mining
36:14 Arbalester
40:10 Ballistics
40:51 Chemistry
39:49 Bodkin Arrow
39:56 Padded Archer Armor
40:17 Cavalier
42:07 Plate Barding Armor
41:33 Bracer
41:51 Leather Archer Armor
44:52 Caravan
Greenland Viking
3:45 Loom
3:51 Loom
7:19 Feudal Age
12:14 Castle Age
10:16 Fletching
10:53 Arson
13:36 Scale Mail Armor
13:09 Elite Skirmisher
16:46 Forging
17:02 Padded Archer Armor
18:29 Leather Archer Armor
23:54 Iron Casting
23:35 Chain Mail Armor
43:01 Imperial Age
40:56 Bodkin Arrow
42:14 Ballistics
42:02 Squires
43:34 Fortified Wall
43:24 Murder Holes
44:05 Conscription
45:01 Plate Mail Armor
46:49 Chemistry
45:47 Double-Bit Axe
49:20 Elite Berserk
Klaleus
7:31 Feudal Age
11:14 Castle Age
9:14 Double-Bit Axe
9:27 Horse Collar
9:37 Loom
10:04 Gold Mining
10:31 Fletching
12:04 Town Watch
12:15 Town Watch
12:43 Heavy Plow
13:09 Padded Archer Armor
13:29 Bodkin Arrow
14:51 Bow Saw
20:19 Wheelbarrow
24:41 Scale Mail Armor
26:36 Chain Mail Armor
26:32 Forging
26:18 Bodkin Arrow
27:37 Squires
27:23 Arson
28:27 Ballistics
28:17 Masonry
29:16 Hand Cart
29:44 Royal Heirs
29:55 Stone Mining
31:12 Town Patrol
32:14 Iron Casting
37:50 Imperial Age
39:36 Blast Furnace
39:06 Plate Mail Armor
38:11 Elite Shotel Warrior
39:12 Conscription
38:56 Bracer
39:58 Blast Furnace
39:55 Caravan
41:27 Chemistry
40:53 Torsion Engines
42:25 Two-Man Saw
41:59 Architecture
41:35 Siege Engineers
44:53 Murder Holes
45:10 Fortified Wall
44:58 Murder Holes
50:52 Leather Archer Armor
51:07 Plate Mail Armor
50:39 Bracer
57:26 Gold Shaft Mining
57:26 Stone Shaft Mining
neonepidemic
7:46 Feudal Age
11:37 Castle Age
10:21 Double-Bit Axe
11:23 Horse Collar
13:12 Loom
14:14 Heavy Plow
14:55 Fletching
19:39 Wheelbarrow
20:34 Squires
21:11 Ballistics
21:29 Sanctity
21:16 Bodkin Arrow
22:00 Gambesons
27:36 Masonry
27:21 Murder Holes
28:10 Redemption
28:56 Forging
29:52 Scale Mail Armor
30:14 Hand Cart
30:12 Arson
30:48 Gold Mining
30:51 Stone Mining
32:05 Gold Shaft Mining
32:09 Iron Casting
37:30 Imperial Age
35:18 Chain Mail Armor
35:18 Town Watch
35:05 Pikeman
38:15 Bracer
38:45 Plate Mail Armor
37:40 Elite Hearth Troop
37:41 Shield Wall
38:59 Hoardings
37:49 Elite Varangian Guard
40:28 Conscription
39:45 Capped Ram
40:58 Siege Ram
42:05 Caravan
42:52 Architecture
42:34 Fortified Wall
43:25 Chemistry
42:16 Guard Tower
42:11 Arrowslits
43:14 Halberdier
44:22 Clerical Recruitment
44:32 Sappers
45:06 Padded Archer Armor
45:11 Scale Barding Armor
44:54 Treadmill Crane
47:36 Onager
54:37 Keep
54:09 Siege Engineers
55:27 Guilds
55:47 Coinage
55:37 Leather Archer Armor
55:42 Chain Barding Armor
55:41 Block Printing
56:44 Man-at-Arms
61:17 Heated Shot
61:37 Careening
61:48 Shipwright
61:33 Siphons
62:01 Ring Archer Armor
61:33 Devotion
61:33 Atonement
61:59 Illumination
61:29 Herbal Medicine
61:56 Heresy
62:11 Theocracy
Connection lost

Rejoining the realm…

Still unreachable

The connection could not be restored.

Session expired

The server has moved on; the page needs a fresh start.